woodfighter, lawful female dwarven Priestess - . | . .` ....| -.#*### ..............| # ##fi - ..--- ------ # #i@# --- |....| # #I -----....| # |....*...| ####` |..<.[....############## |.......)| # |........| # ---------- # woodfighter the Acolyte Experience level: 5 Strength: 11 Dexterity: 13 Constitution: 16 Intelligence: 15 Wisdom: 10 Charisma: 12 Health: 0(41) Energy: 22(22) Def: 4 Gold: 330 Moves: 2546 Dungeon seed: LffY1yNxxZ_i0cSy Game ID: woodfighter_1553204326 Your Inventory: Coins $ - 330 gold pieces Amulets m - an amulet of reflection (being worn) Weapons a - a blessed +1 mace (weapon in hand) Armor e - a +0 robe (being worn) n - a +0 small shield (being worn) z - a +0 helmet (being worn) Comestibles d - 2 sprigs of wolfsbane C - a fortune cookie E - a pancake F - 2 food rations Scrolls l - a scroll of scare monster o - a scroll of create monster v - a scroll of water A - a scroll of enchant armor Spellbooks g - a spellbook of detect monsters h - a spellbook of cure blindness i - a spellbook of protection Potions b - 4 potions of holy water B - a potion of paralysis D - 3 potions of hallucination Rings k - a cursed ring of aggravate monster t - a ring of cold resistance Wands f - a wand of cancellation (0:1) u - a wand of enlightenment (0:10) w - a wand of digging (0:6) x - a blessed wand of enlightenment (0:15) Gems q - a worthless piece of white glass y - a jasper N - a worthless piece of blue glass Spells and supernatural/magical abilities: Name Level Category Fail Memory n - detect monsters 1 divination 0% 88% p - protection 1 clerical 0% 88% B - cure blindness 2 healing 65% 88% W - pray for help -- divine ? -- X - turn undead -- divine ? -- Your skills at the end: Miscellaneous Skills shield [Basic] wands [Basic] Weapon Skills pick-axe [Basic] mace [Basic] Spellcasting Skills clerical spells [Basic] Final Attributes: You were fervently aligned. Your writing hand was ok. You had infravision. You were stealthy. You had reflection. You were lucky. You are dead. Vanquished creatures: a housecat 2 fog clouds a golden naga hatchling a kitten a homunculus a quasit a kobold lord a giant bat a monkey an acid blob a large kobold a gecko 2 hobgoblins 5 giant rats 2 cave spiders a yellow mold a red mold 5 garter snakes 5 jackals a kobold 5 newts 2 goblins 3 grid bugs a bat 3 lichens a kobold zombie 50 creatures vanquished. Voluntary challenges: You did not cause conflict. You were not invisible. You were not displaced. You had been an atheist until turn 1918. You used a wielded weapon 65 times, starting on turn 113. You did not use tools. You did not use plumbed fixtures. You did not drink any magical draughts. You were illiterate. You never genocided any monsters. You never polymorphed an object. You never changed form. You used no wishes. You never split a pudding. You never wrote Elbereth's name. You never violated your personal moral code. Dungeon overview: The Dungeons of Doom: levels 1 to 6 Level 1 (water) some fountains a long staircase Level 2 a potion shop stairs to The Gnomish Mines Level 3 a fountain Level 4 Level 5 many fountains Level 6 <- You were here The Gnomish Mines: Level 3 stairs to The Dungeons of Doom History has recorded: On T:1 you entered the Dungeons of Doom to retrieve the Amulet of Yendor! On T:337 you reached level 2 of The Dungeons of Doom. On T:635 you reached level 3 of The Dungeons of Doom. On T:898 you reached level 1 of The Gnomish Mines. On T:1012 you advanced to experience level 2. On T:1315 you reached level 4 of The Dungeons of Doom. On T:1438 you advanced to experience level 3. On T:1642 you reached level 5 of The Dungeons of Doom. On T:1707 you advanced to experience level 4. On T:1918 you prayed to Ptah. On T:2351 you advanced to experience level 5. On T:2399 you reached level 6 of The Dungeons of Doom. On T:2523 you prayed to Ptah. Score breakdown: Gold: 330 ( 33 points) Experience: 5 levels ( 400 points) Exploration: 6 levels ( 150 points) Discoveries: 15 items ( 750 points) Variety of kills: 26 monsters ( 1300 points) Major goal: (nothing yet) ( 0 points) Survival: died (score multiplied by 3) Total score: 7899 Latest messages: The quasit claws you! The quasit just misses! The quasit bites! Something claws you! (2x) Something bites! Kitty misses the quasit. The quasit claws you! The quasit misses. The quasit bites! Something claws you! (2x) Something bites! Kitty misses the quasit. The quasit claws you! The quasit just misses! The quasit bites! Something claws you! Something misses. Something bites! You hit the quasit! Kitty misses the quasit. The quasit misses. The quasit claws you! The quasit misses. The quasit claws you! The quasit misses. The quasit bites! You die... Final status: Goodbye woodfighter the Priestess, killed by a quasit... You died in The Dungeons of Doom on dungeon level 6 with 7899 points, and 330 pieces of gold, after 2546 moves. You were level 5 with a maximum of 41 hit points when you died.